 Dungeon Crawl Stone Soup version 0.22.1-2-g9c5b331383 (webtiles) character file.

42 Ihlosi the Sneak (level 3, -1/20 HPs)
             Began as a Kobold Enchanter on Dec 26, 2018.
             Slain by an adder (2 damage)
             ... on level 2 of the Dungeon.
             The game lasted 00:04:13 (1814 turns).

Ihlosi the Sneak (Kobold Enchanter)                 Turns: 1814, Time: 00:04:14

Health: -1/20      AC:  4    Str:  5    XL:     3   Next: 77%
Magic:  1/6        EV: 15    Int: 22    God:
Gold:   62         SH:  0    Dex: 15    Spells: 3/6 levels left

rFire    . . .     SeeInvis .   a - +1 dagger
rCold    . . .     Gourm    .   (shield restricted)
rNeg     . . .     Faith    .   b - +0 robe
rPois    .         Spirit   .   (no helmet)
rElec    +         Reflect  .   (no cloak)
rCorr    .         Harm     .   (no gloves)
MR       .....                  (no boots)
Stlth    +++.......             (no amulet)
HPRegen  0.06/turn              (no ring)
MPRegen  0.10/turn              (no ring)

@: brilliant, lethally poisoned (-1 -> -9)
A: small, hooves 1, iridescent scales 1, carnivore, deterioration 1, electricity
resistance
a: no special abilities


You were on level 2 of the Dungeon.
You were very full.

You visited 1 branch of the dungeon, and saw 2 of its levels.

You collected 62 gold pieces.

Inventory:

Hand Weapons
 a - a +1 dagger (weapon)
Missiles
 h - 16 poisoned needles
Armour
 b - a +0 robe (worn)
Scrolls
 c - 2 scrolls of identify {unknown}
 g - a scroll of teleportation {unknown}
Comestibles
 d - 2 rations


   Skills:
 * Level 0.9 Fighting
 * Level 2.0 Short Blades
 * Level 2.8 Dodging
 * Level 4.5 Stealth
 * Level 2.4 Spellcasting
 * Level 3.4 Hexes


You had 3 spell levels left.
You knew the following spells:

 Your Spells              Type           Power        Failure   Level  Hunger
a - Corona                Hex            ####...      1%          1    None
b - Ensorcelled Hibernat  Hex/Ice        ###...       1%          2    ##.....

Your spell library contained the following spells:

 Spells                   Type           Power        Failure   Level  Hunger
 Confuse                  Hex            ####....     1%          3    ###....
 Tukima's Dance           Hex            ####....     1%          3    ###....
 Dazzling Spray           Conj/Hex       ###...       2%          3    ###....


Dungeon Overview and Level Annotations

Branches:
Dungeon (2/15)

Altars:


Innate Abilities, Weirdness & Mutations

You are small and have problems with some larger weapons.
You are carnivorous and can eat meat at any time.
You have large cloven feet.
You are partially covered in iridescent scales. (AC +2)
Your body sometimes deteriorates upon taking damage.
You are resistant to electric shocks. (rElec)


Message History

* * * LOW HITPOINT WARNING * * *
You feel sick. The kobold hits you but does no damage.
The adder closely misses you.
* * * LOW HITPOINT WARNING * * *
You feel sick.
The kobold throws a stone.
The stone hits you but does no damage.
You see here a stone.
You hit the kobold.
The kobold is severely wounded.
The adder bites you but does no damage. The kobold hits you.
* * * LOW HITPOINT WARNING * * *
Unknown command.
You barely miss the adder. You kick the adder.
The adder is severely wounded.
* * * LOW HITPOINT WARNING * * *
You feel sick. The adder closely misses you. The kobold misses you.
You hit the adder but do no damage.
The adder is severely wounded.
The adder bites you.
You die...

. #............ ..
...##...........#
#.
...........#....#
##
.................#
.................##
...........K#.....#
.... ...#(†<#.....#
.....##.#.KS......[
.........(.@#......
..####)......####.
##...#..# .....#..#
###...##.# ##### ##


You could see an adder and 2 kobolds.

Vanquished Creatures
  An ooze (D:1)
  A worm (D:1)
  3 bats (D:1)
  3 giant cockroaches (D:1)
  6 goblins
  A hobgoblin (D:1)
  3 jackals (D:1)
  4 frilled lizards
  5 kobolds (D:1)
  6 rats
33 creatures vanquished.

Notes
Turn   | Place    | Note
-------+----------+-------------------------------------------
     0 | D:1      | Ihlosi the Kobold Enchanter began the quest for the Orb.
     0 | D:1      | Reached XP level 1. HP: 10/10 MP: 3/3
   217 | D:1      | Reached XP level 2. HP: 15/15 MP: 5/5
   625 | D:1      | Reached XP level 3. HP: 9/20 MP: 6/6
   634 | D:1      | Learned a level 2 spell: Ensorcelled Hibernation
  1805 | D:2      | Gained mutation: Your body sometimes deteriorates upon
                  | taking damage. [potion of mutation]
  1805 | D:2      | Gained mutation: You are resistant to electric shocks.
                  | (rElec) [potion of mutation]
  1805 | D:2      | Gained mutation: You are partially covered in iridescent
                  | scales. (AC +2) [potion of mutation]
  1805 | D:2      | Gained mutation: You have large cloven feet. [potion of
                  | mutation]
  1813 | D:2      | HP: 1/20 [poisoned by an adder]
  1814 | D:2      | Slain by an adder

Skill      XL: |  1  2  3 |
---------------+----------+-----
Short Blades   | 2 |  2.0
Fighting       | |  0.9
Dodging        | |  2.8
Stealth        | |  4.5
Spellcasting   | |  2.4
Hexes          | |  3.4

Action                   || total
-------------------------++-------
Melee: Dagger            ||   155
       Kick              ||     1
 Cast: Ensorcelled Hiber ||     4
  Use: Potion            ||     2
 Stab: Sleeping          ||     6
  Eat: Chunk             ||    11
Armor: Robe              ||    24
Dodge: Dodged            ||   149
